 Dungeon Crawl Stone Soup version 0.21-a0-274-gc1afaeb (console) character file.

745 nht the Quickloader (level 7, 0/84 HPs)
             Began as a Minotaur Hunter on Sept 19, 2017.
             Slain by a gnoll
             ... wielding a +2 flail of draining
              (12 damage)
             ... on level 6 of the Dungeon.
             The game lasted 00:05:29 (2516 turns).

nht the Quickloader (Minotaur Hunter)               Turns: 2516, Time: 00:05:30

Health: 0/84       AC: 11    Str: 24    XL:     7   Next: 47%
Magic:  6/6        EV:  7    Int:  8    God:
Gold:   147        SH:  0    Dex: 15    Spells: 6/6 levels left

rFire    . . .     SeeInvis .   w - +1 trident (pierce)
rCold    . . .     Gourm    .   (no shield)
rNeg     . . .     Faith    .   l - +1 plate armour
rPois    .         Spirit   .   (helmet restricted)
rElec    .         Reflect  .   (no cloak)
rCorr    .         Harm     .   (no gloves)
MR       .....                  (no boots)
Stlth    ..........             g - amulet of rage
HPRegen  0.24/turn              m - +5 ring of dexterity
MPRegen  0.10/turn              (no ring)

@: berserking, very quick
A: retaliatory headbutt, horns 2
a: Evoke Berserk Rage


You were on level 6 of the Dungeon.
You were not hungry.

You visited 1 branch of the dungeon, and saw 6 of its levels.

You collected 147 gold pieces.

Inventory:

Hand Weapons
 a - a +1 hand crossbow
 b - a +0 short sword
 w - a +1 trident of piercing (weapon)
Missiles
 d - 2 bolts
Armour
 l - a +1 plate armour (worn)
Jewellery
 g - an amulet of rage (around neck)
 m - a +5 ring of dexterity (left hand)
 o - an uncursed ring of fire
Wands
 p - a wand of random effects (27/48)
 t - a wand of disintegration (0/24)
Scrolls
 c - a scroll of fog {unknown}
 e - 5 scrolls of identify
 j - a scroll of remove curse
 k - a scroll of enchant armour
 q - a scroll of amnesia
Potions
 i - 2 potions of might
Comestibles
 f - 2 bread rations
 n - 3 royal jellies
 v - 5 chunks of flesh


   Skills:
 - Level 2.4 Fighting
 + Level 10.1 Crossbows
 - Level 2.1 Dodging
 - Level 0.7 Stealth


You had 6 spell levels left.
You didn't know any spells.

Dungeon Overview and Level Annotations

Branches:
Dungeon (7/15)
 Temple: D:4-7

Altars:
Kikubaaqudgha
Makhleb
Wu Jian
Xom
Yredelemnul


Innate Abilities, Weirdness & Mutations

You reflexively headbutt those who attack you in melee.
You have a pair of horns on your head.


Message History

You barely miss the gnoll.
The gnoll shouts!
You hit the gnoll.
The gnoll is heavily wounded.
You puncture the gnoll!
You kill the gnoll!
Your plate armour prevents you from hitting the gnoll.
You headbutt the gnoll!
The gnoll is severely wounded.
You feel a little less mighty now.
The gnoll drinks a potion.
The gnoll is healed!
The gnoll closely misses you.
The gnoll zaps a wand.
The bolt of acid hits you!
You are splashed with acid!
The acid burns!
* * * LOW HITPOINT WARNING * * *
It is a wand of acid (?/15).
The gnoll hits you but does no damage.
It was a potion of berserk rage.
A red film seems to cover your vision as you go berserk!
You feel yourself moving faster!
You feel mighty!
The gnoll hits you with a flail of draining!
You die...

..██ ..██ ....
... █<..██
█g█..██ █g█...█
█@█.█.████
█.........
█.........
█.........
█.........
█'██........███.
██.██...........
█8.8█..........██
██.██...........█


You could see 2 gnolls.

Vanquished Creatures
  2 ogres (D:6)
  A centaur (D:6)
  A scorpion (D:6)
  A howler monkey (D:6)
  2 vampire bats (D:3)
  A crimson imp (D:6)
  An orc priest (D:3)
  2 orc wizards (D:4)
  3 worker ants (D:4)
  A hound skeleton (D:6)
  3 adders
  2 gnolls (D:6)
  A shadow imp (D:6)
  4 worms
  A dart slug (D:1)
  A leopard gecko (D:4)
  9 orcs
  4 bat skeletons (D:3)
  A bat zombie (D:3)
  2 giant cockroaches
  7 goblins
  5 hobgoblins
  6 jackals
  A quokka (D:3)
  5 bats
  3 frilled lizards
  4 kobolds
  6 rats
  A spectral orc (D:3)
81 creatures vanquished.

Notes
Turn   | Place    | Note
-------+----------+-------------------------------------------
     0 | D:1      | nht the Minotaur Hunter began the quest for the Orb.
     0 | D:1      | Reached XP level 1. HP: 18/18 MP: 0/0
   245 | D:1      | Reached XP level 2. HP: 25/25 MP: 1/1
   246 | D:1      | Reached skill level 5 in Crossbows
   607 | D:2      | Found a burning altar of Makhleb.
   608 | D:2      | Found a shimmering altar of Xom.
   659 | D:2      | Reached XP level 3. HP: 30/30 MP: 2/2
   844 | D:2      | Reached skill level 6 in Crossbows
  1058 | D:3      | Reached XP level 4. HP: 20/37 MP: 3/3
  1228 | D:3      | Found an ornate altar of the Wu Jian Council.
  1424 | D:3      | Found an ancient bone altar of Kikubaaqudgha.
  1431 | D:3      | Reached skill level 7 in Crossbows
  1431 | D:3      | Reached XP level 5. HP: 41/42 MP: 4/4
  1825 | D:3      | Found a basalt altar of Yredelemnul.
  2035 | D:4      | Reached skill level 8 in Crossbows
  2046 | D:4      | Reached XP level 6. HP: 11/50 MP: 5/5
  2375 | D:4      | You fall through a shaft for 3 floors!
  2434 | D:6      | Reached skill level 9 in Crossbows
  2459 | D:6      | Reached XP level 7. HP: 50/56 MP: 6/6
  2469 | D:6      | Reached skill level 10 in Crossbows
  2516 | D:6      | Slain by a gnoll

Vault maps used:
D:1:      moated_graveyard_arrival
D:2:      grunt_temple_overflow_open, first_bread, serial_bayou_pond_b,
          kennysheep_boxes
D:3:      kennysheep_vampire_church, yredelemnul_forgotten_temple_becter,
          nicolae_overflow_crystal_walls
D:4:      zin_statuary, portal_sewer_entry_d, serial_glass, glass_columns_a,
          glass_columns_a, glass_columns_c, glass_columns_c, glass_columns_b,
          glass_columns_a, glass_columns_b, glass_columns_c
D:6:      minmay_temple_entry_statues, dk_noncrumbling_2,
          nicolae_ru_awakened_eye, uniq_eustachio
D:7:      lemuel_coloured_pillars_altar, basic_altar, serial_shops,
          shop_fountains

Skill      XL: |  1  2  3  4  5  6  7 |
---------------+----------------------+-----
Crossbows      | 5 6 7 8 9 10 | 10.1
Fighting       | |  2.4
Dodging        | |  2.1
Stealth        | |  0.7

Action                   |  1- 3 |  4- 6 |  7- 9 || total
-------------------------+-------+-------+-------++-------
Melee: Short sword       |       |    46 |       ||    46
       Headbutt          |       |    14 |     2 ||    16
       Trident           |       |    32 |    14 ||    46
 Fire: Hand crossbow     |    77 |    33 |       ||   110
Evoke: Wand              |       |     4 |     4 ||     8
  Use: Potion            |       |     5 |     2 ||     7
       Scroll            |       |     8 |       ||     8
  Eat: Chunk             |       |     5 |       ||     5
Armor: Leather armour    |     2 |    14 |       ||    16
       Plate armour      |       |    54 |     7 ||    61
Dodge: Dodged            |    11 |    42 |     4 ||    57

Table legend:
 A = Spawn XP
 B = Non-spawn XP
 C = Spawn XP percentage of total XP
 D = Spawn monster count
 E = Non-spawn monster count
 F = Spawn count percentage of total count
 G = Total turns spent on level
                    A         B        C        D         E        F      G
               +---------+---------+-------+---------+---------+-------+---------
         Total |       0 |    1065 |   0.0 |       0 |      81 |   0.0 |  2516
               +---------+---------+-------+---------+---------+-------+---------
           D:1 |       0 |      15 |   0.0 |       0 |       8 |   0.0 |   555
           D:2 |       0 |      73 |   0.0 |       0 |      25 |   0.0 |   494
           D:3 |       0 |     208 |   0.0 |       0 |      24 |   0.0 |   881
           D:4 |       0 |     196 |   0.0 |       0 |      14 |   0.0 |   445
           D:6 |       0 |     573 |   0.0 |       0 |      10 |   0.0 |    98
               +---------+---------+-------+---------+---------+-------+---------
